 Dungeon Crawl Stone Soup version 0.28-b1-25-g9875b3fc8c (webtiles) character file.

Game seed: 2339080602060103017

7189 comborobin the Brawler (level 10, -9/96 HPs)
             Began as a Troll Cinder Acolyte on Feb 2, 2022.
             Was a Believer of Ignis.
             Mangled by an ice devil (13 damage)
             ... summoned by a kobold demonologist
             ... on level 11 of the Dungeon.
             The game lasted 00:08:40 (5194 turns).

comborobin the Brawler (Troll Cinder Acolyte)       Turns: 5194, Time: 00:08:41

Health: -9/96      AC: -3    Str: 24    XL:     10   Next: 87%
Magic:  10/10      EV:  9    Int: 16    God:    Ignis [**....]
Gold:   361        SH:  0    Dex:  9    Spells: 3/11 levels left

rFire   + . .      SeeInvis .     - Unarmed
rCold   . . .      Faith    .   o - orb {light}
rNeg    + . .      Spirit   .   b - +0 robe
rPois   .          Reflect  .   (helmet restricted)
rElec   .          Harm     .   j - +0 cloak
rCorr   .          Rampage  .   (gloves unavailable)
Will    .....      Rnd*Tele +   (boots unavailable)
Stlth   +.........              z - amulet of magic regeneration
HPRegen 1.06/turn               u - +6 ring of intelligence
MPRegen 0.52/turn               A - ring of positive energy

@: corroded, glowing
A: large, unfitting armour, claws 3, regeneration 1, shaggy fur 1, tough skin 1,
teleportitis 1
a: Renounce Religion, Fiery Armour, Foxfire Swarm


You were on level 11 of the Dungeon.
You worshipped Ignis.
Ignis was pleased with you.
You visited 1 branch of the dungeon, and saw 11 of its levels.

You collected 361 gold pieces.

Inventory:

Hand Weapons
 a - a -1 falchion of flaming
Missiles
 h - 3 curare-tipped darts (quivered)
 i - 13 poisoned darts
Armour
 b - a +0 robe (worn)
 j - a +0 cloak (worn)
 o - an orb of light (worn)
Jewellery
 m - a ring of fire
 u - a +6 ring of intelligence (left claw)
 z - an amulet of magic regeneration (around neck)
 A - a ring of positive energy (right claw)
Wands
 f - a wand of iceblast (6)
 k - a wand of charming (3)
Scrolls
 d - 2 scrolls of identify
 n - 3 scrolls of teleportation
 p - 2 scrolls of fog
 r - a scroll of immolation
 v - a scroll of fear
 x - 2 scrolls of noise
Potions
 c - 3 potions of magic {unknown}
 e - 2 potions of mutation {unknown}
 l - 3 potions of curing
 q - 2 potions of resistance {unknown}
 s - a potion of attraction
Miscellaneous
 t - a lightning rod (4/4)


   Skills:
 + Level 5.0 Fighting
 - Level 2.4 Long Blades
 + Level 15.6 Unarmed Combat
 - Level 1.0 Spellcasting
 - Level 2.1 Fire Magic
 + Level 0.0 Earth Magic


You had 3 spell levels left.
You knew the following spells:

 Your Spells              Type           Power      Damage    Failure   Level
a - Dragon Form           Tmut           0%         N/A       100%        7
A - Apportation           Tloc           0%         N/A       22%         1

Your spell library contained the following spells:

 Spells                   Type           Power      Damage    Failure   Level
 Scorch                   Fire           14%        2d6       14%         2
 Animate Skeleton         Necr           0%         N/A       22%         1
 Slow                     Hex            0%         N/A       22%         1
 Summon Small Mammal      Summ           0%         N/A       22%         1
 Sublimation of Blood     Necr           0%         N/A       34%         2
 Conjure Flame            Conj/Fire      4%         6-21      41%         3
 Ignite Poison            Fire/Tmut/Pois 3%         N/A       45%         3
 Confusing Touch          Hex            0%         N/A       56%         3
 Dazzling Flash           Conj/Hex       0%         N/A       56%         3
 Vampiric Draining        Necr           0%         2d6       56%         3
 Sticky Flame             Conj/Fire      4%         2d3       82%         4
 Iskenderun's Mystic Bla  Conj/Tloc      0%         2d3       92%         4
 Petrify                  Tmut/Erth      0%         N/A       92%         4
 Blade Hands              Tmut           0%         N/A       99%         5
 Irradiate                Conj/Tmut      0%         3d14      99%         5
 Metabolic Englaciation   Hex/Ice        0%         N/A       99%         5
 Starburst                Conj/Fire      2%         6d3       100%        6
 Statue Form              Tmut/Erth      0%         N/A       100%        6


Dungeon Overview and Level Annotations

Branches:
Dungeon (11/15)              Lair (0/6) D:10            Orc (0/2) D:9
 Temple: D:4-7

Altars:
Ashenzari
Dithmenos
Fedhas
Hepliaklqana
Kikubaaqudgha
Ru
Trog
Wu Jian
Xom

Shops:
D:2 (   D:9 (!   D:10 [*

Annotations:
D:5 Dowan, Duvessa
D:8 2 transporters


Innate Abilities, Weirdness & Mutations

You are too large for most types of armour.
You have claws for hands.
Your natural rate of healing is unusually fast.
You are covered in fur. (AC +1)
You have tough skin. (AC +1)
You are occasionally teleported next to monsters.


Message History

Strange energies course through your body.
You feel weirdly uncertain.
The foxfire hits the neqoxec.
The neqoxec is moderately wounded.
Unknown command.
You scratch the kobold demonologist but do no damage.
The kobold demonologist is lightly wounded.
The foxfire hits the neqoxec.
The neqoxec is moderately wounded.
The kobold demonologist casts a spell.
The neqoxec hits you!
* * * LOW HITPOINT WARNING * * *
Unknown command.
You scratch the kobold demonologist but do no damage.
The kobold demonologist is lightly wounded.
The kobold demonologist casts a spell.
Unknown command.
Unknown command.
You claw the kobold demonologist!
The kobold demonologist is moderately wounded.
The neqoxec hits you!
* * * LOW HITPOINT WARNING * * *
Unknown command.
You scratch the kobold demonologist.
The kobold demonologist is heavily wounded.
The kobold demonologist casts a spell.
The neqoxec hits you.
* * * LOW HITPOINT WARNING * * *
Unknown command.
You barely miss the kobold demonologist.
The kobold demonologist is heavily wounded.
The kobold demonologist mumbles some strange words.
The neqoxec barely misses you.
Unknown command.
You scratch the kobold demonologist but do no damage.
The kobold demonologist is heavily wounded.
The ice devil hits you!
* * * LOW HITPOINT WARNING * * *
The ice devil freezes you!
You die...

###########
...........
..........
#.........
.55......
#K35.....
#@.#..... #
#44......
##.#.....###
#..#.....#
#..'.....#
#..#.###.#
#..#.# .# #.
#.# # ##
##+##.# #


You could see an orange demon (summoned), an ice devil (summoned), a kobold
demonologist, a neqoxec (summoned), an iron imp (summoned) and 2 shadow imps.

Vanquished Creatures
  2 two-headed ogres
  An ugly thing (D:7)
  Joseph (D:9)
  2 unseen horrors
  A komodo dragon (D:10)
  6 yaks (D:10)
  2 wraiths (D:9)
  A wyvern (D:7)
  3 wargs (D:9)
  An acid dragon (D:10)
  An ice beast (D:7)
  4 orc warriors
  A sky beast (D:8)
  A necrophage (D:7)
  3 centaurs
  2 phantoms
  2 kobold brigands
  A scorpion (D:7)
  5 killer bees
  4 wights (D:8)
  8 howler monkeys
  4 hounds
  6 centaur zombies
  An orc priest (D:9)
  2 gnoll shamans
  Terence (D:2)
  5 orc wizards
  A killer bee zombie (D:7)
  A howler monkey zombie (D:9)
  13 gnolls
  4 adders
  A dart slug (D:3)
  17 orcs
  An endoplasm (D:1)
  A giant cockroach (D:2)
  4 goblins
  3 hobgoblins
  4 jackals (D:9)
  4 quokkas
  3 ball pythons
  5 bats
  13 kobolds
146 creatures vanquished.

Vanquished Creatures (collateral kills)
  3 killer bees (D:9)
  2 gnolls (D:9)
5 creatures vanquished.

Vanquished Creatures (others)
  An acid dragon (D:9)
  2 killer bees (D:9)
  25 foxfires
  4 plants (D:10)
32 creatures vanquished.

Grand Total: 183 creatures vanquished

Notes
Turn   | Place    | Note
-------+----------+-------------------------------------------
     0 | D:1      | comborobin the Troll Cinder Acolyte began the quest for the
                  | Orb.
     0 | D:1      | Reached XP level 1. HP: 22/22 MP: 1/1
   118 | D:1      | Reached skill level 1 in Unarmed Combat
   260 | D:1      | Reached XP level 2. HP: 25/29 MP: 2/2
   349 | D:2      | Reached skill level 2 in Unarmed Combat
   484 | D:2      | Noticed Terence
   516 | D:2      | Killed Terence
   517 | D:2      | Reached skill level 3 in Unarmed Combat
   517 | D:2      | Reached XP level 3. HP: 21/36 MP: 3/3
   562 | D:2      | Found Tothrytua's Weapon Shoppe.
   611 | D:2      | Reached XP level 4. HP: 35/44 MP: 4/4
   721 | D:4      | Noticed a phantom
   724 | D:4      | Reached skill level 4 in Unarmed Combat
   728 | D:4      | Killed a phantom
   729 | D:4      | Reached XP level 5. HP: 29/50 MP: 5/5
   778 | D:4      | Reached skill level 5 in Unarmed Combat
   799 | D:5      | Entered Level 5 of the Dungeon
   808 | D:5      | Noticed a black bear
   865 | D:5      | Noticed Duvessa
   865 | D:5      | Noticed Dowan
   906 | D:4      | You fall into a shaft and drop 3 floors!
   929 | D:7      | Noticed a centaur
   935 | D:7      | Killed a centaur
   936 | D:7      | Reached skill level 6 in Unarmed Combat
   936 | D:7      | Reached XP level 6. HP: 32/59 MP: 6/6
  1000 | D:7      | Noticed a green ugly thing
  1010 | D:7      | Killed a green ugly thing
  1011 | D:7      | Reached skill level 8 in Unarmed Combat
  1011 | D:7      | Reached XP level 7. HP: 43/66 MP: 7/7
  1213 | D:7      | Reached skill level 9 in Unarmed Combat
  1216 | D:7      | Reached XP level 8. HP: 74/74 MP: 8/8
  1298 | D:7      | Found a broken altar of Ashenzari.
  1298 | D:7      | Found a shadowy altar of Dithmenos.
  1301 | D:7      | Found a shimmering altar of Xom.
  1301 | D:7      | Found a hazy altar of Hepliaklqana.
  1301 | D:7      | Found an ornate altar of the Wu Jian Council.
  1303 | D:7      | Found a bloodstained altar of Trog.
  1303 | D:7      | Found a sacrificial altar of Ru.
  1424 | D:7      | Reached skill level 10 in Unarmed Combat
  1784 | D:8      | Killed an unseen horror
  1785 | D:8      | Reached skill level 11 in Unarmed Combat
  1792 | D:8      | Reached XP level 9. HP: 63/80 MP: 9/9
  1808 | D:8      | Found a transporter.
  1810 | D:8      | Found a transporter.
  1814 | D:8      | Noticed a two-headed ogre
  1874 | D:8      | Found an ancient bone altar of Kikubaaqudgha.
  1962 | D:8      | Found a blossoming altar of Fedhas.
  2156 | D:8      | Reached skill level 12 in Unarmed Combat
  2715 | D:9      | Found Attymubo's Weapon Emporium.
  2769 | D:9      | Learned a level 7 spell: Dragon Form
  2922 | D:9      | Found a staircase to the Orcish Mines.
  2927 | D:9      | Noticed Joseph
  2940 | D:9      | Killed Joseph
  2941 | D:9      | Reached skill level 13 in Unarmed Combat
  3143 | D:9      | Found Etust's Distillery.
  3343 | D:9      | Noticed a two-headed ogre
  3349 | D:9      | Reached skill level 14 in Unarmed Combat
  3378 | D:9      | Killed a two-headed ogre
  3379 | D:9      | Reached XP level 10. HP: 63/88 MP: 10/10
  3458 | D:10     | Entered Level 10 of the Dungeon
  3458 | D:10     | Found Peajie Jeit's Armour Shoppe.
  3595 | D:10     | Reached skill level 15 in Unarmed Combat
  4159 | D:10     | Learned a level 7 spell: Dragon Form
  4275 | D:10     | Learned a level 1 spell: Apportation
  4485 | D:10     | Found a staircase to the Lair.
  4625 | D:10     | Found Mofadoimu's Gadget Gallery.
  5085 | D:11     | Noticed a two-headed ogre
  5101 | D:11     | Killed a two-headed ogre
  5102 | D:11     | Reached skill level 5 in Fighting
  5185 | D:11     | HP: 2/96 [neqoxec[a kobold demonologist] (13)]
  5188 | D:11     | Gained mutation: You are occasionally teleported next to
                  | monsters. [a neqoxec]
  5194 | D:11     | Noticed an orange demon
  5194 | D:11     | HP: 4/96 [ice devil[a kobold demonologist] (8)]
  5194 | D:11     | Mangled by an ice devil

Illustrated notes

Levels and vault maps discovered:
D:1:      nagdon_arrival_zigzag_paths, layout_basic,
          ebering_ecumenical_altar_ruins, hex_intersection, minivault_25
D:2:      minmay_angry_zag, layout_basic, serial_shops, shop, uniq_terence,
          uniq_natasha
D:3:      layout_basic, mainiacjoe_overflow_alcove_2
D:4:      gammafunk_steamed_eel, layout_loops_ring, kennysheep_little_box,
          kennysheep_pointless_box, roderic_serpentine_path,
          serial_bayou_crossing, uniq_grinder, uniq_menkaure
D:5:      layout_loops_ring, minmay_temple_entry_statues_pillars, uniq_pikel,
          uniq_sigmund, uniq_duvessa
D:6:      layout_basic, uniq_blork_the_orc
D:7:      layout_loops_ring, grunt_temple_overflow_open
D:8:      gammafunk_beogh_shrine, layout_cave_pools, fedhas_altar_4,
          mainiacjoe_overflow_cross_hatched, minmay_fountain_box,
          minmay_misc_feat_iff, minmay_misc_feat_plants
D:9:      layout_big_octagon, david_orc_1_choice, serial_gnoll_camp,
          gnoll_camp_mini_doghouse, gnoll_camp_mini_shop,
          gnoll_camp_mini_loothouse, gnoll_camp_mini_shop, minivault_5,
          minivault_25_ag, uniq_joseph
D:10:     layout_grid_maze, david_lair_shrubbed, serial_shops,
          nicolae_shop_crystal, nicolae_shop_gadgets
D:11:     layout_stronghold, guppyfry_shop_venom

Skill      XL: |  1  2  3  4  5  6  7  8  9 10 |
---------------+-------------------------------+-----
Unarmed Combat | 1 3 4 6 8 9 11 14 15 | 15.6
Fighting       | 5 |  5.0
Long Blades    | |  2.4
Spellcasting   | |  1.0
Fire Magic     | |  2.1

Action                   |  1- 3 |  4- 6 |  7- 9 | 10-12 || total
-------------------------+-------+-------+-------+-------++-------
Melee: Unarmed           |    71 |    58 |   149 |   107 ||   385
       Punch             |     2 |       |     2 |       ||     4
Throw: Dart              |       |       |       |     1 ||     1
Invok: Fiery Armour      |       |     3 |     2 |       ||     5
       Rising Flame      |       |     1 |       |       ||     1
       Foxfire Swarm     |       |     1 |       |     1 ||     2
Evoke: Wand              |       |       |     5 |       ||     5
  Use: Potion            |     1 |     2 |     2 |     2 ||     7
       Scroll            |       |     1 |     2 |     6 ||     9
Armor: Robe              |    25 |    25 |    53 |    36 ||   139
Dodge: Dodged            |    29 |    37 |    51 |    46 ||   163
